 Dungeon Crawl Stone Soup version 0.31.0-9-g3a7656b989 (webtiles) character file.

Game seed: 1297811611347778311

98 qw the Shooter (level 4, -2/25 HPs)
             Began as a Deep Elf Hunter on Feb 2, 2024.
             Incinerated by a bombardier beetle (5 damage)
             ... with a burning spray
             ... on level 3 of the Dungeon.
             The game lasted 00:00:05 (1779 turns).

qw the Shooter (Deep Elf Hunter)                    Turns: 1779, Time: 00:00:06

Health: -2/25      AC: 12    Str: 10    XL:     4   Next: 44%
Magic:  15/15      EV: 11    Int: 14    God:
Gold:   175        SH:  0    Dex: 18    Spells: 3/3 levels left

rFire   . . .        a - +1 shortbow
rCold   . . .        (shield currently unavailable)
rNeg    . . .        b - +5 ring mail of the Other World {*Corrode rElec MP+9 Stlth+}
rPois   .            (no helmet)
rElec   +            h - +1 cloak
rCorr   .            (no gloves)
SInv    .            (no boots)
Will    .....        (no amulet)
Stlth   +            (no ring)
HPRegen 0.24/turn    (no ring)
MPRegen 0.14/turn

%: corrode self (3%)
@: on fire, glowing
A: no striking features
a: no special abilities


You were on level 3 of the Dungeon.
You visited 1 branch of the dungeon, and saw 3 of its levels.

You collected 175 gold pieces.


   Skills:
 - Level 1.5 Fighting
 + Level 7.9 Ranged Weapons
 - Level 2.4 Dodging
 - Level 1.2 Stealth


You had 3 spell levels left.
You didn't know any spells.
Your spell library was empty.

Inventory:

Hand Weapons
 a - a +1 shortbow (weapon)
Armour
 b - the +5 ring mail of the Other World (worn) {*Corrode rElec MP+9 Stlth+}
   (You found it on level 2 of the Dungeon)

   rElec:     It insulates you from electricity.
   MP+9:      It affects your magic capacity (+9).
   *Corrode:  It may corrode you when you take damage.
   Stlth+:    It makes you more stealthy.
 h - a +1 cloak (worn)
Scrolls
 c - a scroll of silence {unknown}
 g - a scroll of identify
Potions
 d - a potion of might {unknown}
 e - a potion of curing
 f - a potion of mutation {unknown}
 i - a potion of degeneration {unknown}
 j - a potion of heal wounds {unknown}

Dungeon Overview and Level Annotations

Branches:
Dungeon (3/15)

Altars:

Shops:
D:1 ?


Message History

You shoot an arrow. The arrow closely misses the rat.
You shoot an arrow. The arrow hits the rat.
You kill the rat!
A bombardier beetle comes into view.
You shoot an arrow. The arrow hits the bombardier beetle.
The bombardier beetle is moderately wounded.
You shoot an arrow.
The arrow hits the bombardier beetle but does no damage.
The bombardier beetle is moderately wounded.
You shoot an arrow.
The arrow closely misses the bombardier beetle.
You shoot an arrow.
The arrow hits the bombardier beetle but does no damage.
The bombardier beetle is moderately wounded.
You shoot an arrow.
The arrow closely misses the bombardier beetle.
You shoot an arrow. The arrow hits the bombardier beetle!
The bombardier beetle is almost dead.
The bombardier beetle sprays incendiary fluid at you.
The burning spray hits you.
You are covered in liquid fire!
You shoot an arrow. The arrow hits the bombardier beetle.
The bombardier beetle is almost dead.
The liquid fire burns you!
You shoot an arrow.
The arrow barely misses the bombardier beetle.
The liquid fire burns you! The bombardier beetle misses you.
You shoot an arrow. The arrow hits the bombardier beetle.
You kill the bombardier beetle!
The liquid fire burns you!
You are on fire!
The liquid fire burns you!
You are on fire!
The liquid fire burns you!
You are on fire!
The liquid fire burns you!
You are on fire!
The liquid fire burns you!
You die...

#.###..# ...# #.#
###..# #####
........# ###..#.#
.... # ... # #.# #
###.# # ### #..@# #
.. #.### ## .. ##.#
.# .# #..# .###.####
#.##
.........####.######
.....###...........#
...###
#####..####...
##...#### #.##


There were no monsters in sight!

Vanquished Creatures
  A bombardier beetle (D:3)
  2 adders
  2 ribbon worms (D:2)
  A dart slug (D:1)
  An orc (D:3)
  5 bats
  3 endoplasms (D:1)
  3 giant cockroaches
  3 goblins
  5 hobgoblins
  7 kobolds
  4 ball pythons
  2 frilled lizards
  3 rats
42 creatures vanquished.

Notes
Turn   | Place    | Note
-------+----------+-------------------------------------------
     0 | D:1      | qw the Deep Elf Hunter began the quest for the Orb.
     0 | D:1      | Reached XP level 1. HP: 12/12 MP: 3/3
     0 | D:1      | 0 ||| qw: Version: 0.3-a-155-g5e7d8dd
     0 | D:1      | 0 ||| qw: Game counter: 1045
     0 | D:1      | 0 ||| qw: Melee chars always use a shield: true
     0 | D:1      | 0 ||| qw: God list: Okawaru
     0 | D:1      | 0 ||| qw: Allow faded altars: false
     0 | D:1      | 0 ||| qw: Do Orc after clearing Dungeon:15 true
     0 | D:1      | 0 ||| qw: Do second Lair branch before Depths: true
     0 | D:1      | 0 ||| qw: Lair rune preference: random
     0 | D:1      | 0 ||| qw: Goals: Normal
     0 | D:1      | 0 ||| PLANNING D:1-11
   294 | D:1      | Reached skill level 6 in Ranged Weapons
   294 | D:1      | Reached XP level 2. HP: 16/16 MP: 4/4
   443 | D:1      | Found Paawugoi's Magic Scroll Shop.
   808 | D:1      | 808 ||| UPGRADING to +1 cloak.
   813 | D:1      | 813 ||| READING scroll labelled ZUOTAG EQOOF.
   813 | D:1      | 813 ||| IDENTIFYING sedimented inky potion
   814 | D:1      | 814 ||| READING scroll labelled OWOPEI JUBEWAX.
   815 | D:1      | 815 ||| READING scroll labelled RICWOEP COUXZE.
   815 | D:1      | 815 ||| ENCHANTING +0 shortbow.
   816 | D:1      | 816 ||| DROPPING scroll of butterflies.
   986 | D:2      | Found a faded altar of an unknown god.
   997 | D:2      | Reached XP level 3. HP: 15/20 MP: 5/5
  1074 | D:2      | Identified the +5 ring mail of the Other World {*Corrode
                  | rElec MP+9 Stlth+}
  1443 | D:2      | Reached skill level 7 in Ranged Weapons
  1541 | D:2      | 1541 ||| UPGRADING to +5 ring mail of the Other World
                  | {*Corrode rElec MP+9 Stlth+}.
  1551 | D:2      | 1551 ||| DROPPING +0 leather armour.
  1616 | D:2      | 1616 ||| READING scroll labelled ZAGATW SATOY.
  1735 | D:3      | Reached XP level 4. HP: 25/25 MP: 6/6
  1778 | D:3      | HP: 3/25 [burnt (5)]
  1779 | D:3      | Incinerated by a bombardier beetle

Levels and vault maps discovered:
D:1:      minmay_arrival_up_and_down, layout_loops_corners, serial_shops,
          nicolae_shop_gibbet_a_chance, minmay_pentomino_w2
D:2:      layout_basic, hellmonk_ecumenical_altar_pennies_from_heaven
D:3:      layout_rooms, kennysheep_big_empty_room, minmay_strange_pillars

Skill      XL: |  1  2  3 |
---------------+----------+-----
Ranged Weapons | 6 7 |  7.9
Fighting       | |  1.5
Dodging        | |  2.4
Stealth        | |  1.2

Action                     |  1- 3 |  4- 6 || total
---------------------------+-------+-------++-------
   Fire: Shortbow          |   109 |    12 ||   121
    Use: Scroll            |     4 |       ||     4
 Armour: Leather armour    |    11 |       ||    11
  Dodge: Dodged            |    11 |     1 ||    12

Table legend:
 A = Non-vault XP
 B = Vault XP
 C = Vault XP percentage of total XP
 D = Non-vault monster count
 E = Vault monster count
 F = Vault count percentage of total count
                 A         B        C        D         E       F
            +---------+---------+-------+---------+---------+-------
      Total |     139 |       2 |   1.4 |      41 |       1 |   2.4
            +---------+---------+-------+---------+---------+-------
        D:1 |      26 |       2 |   7.1 |      13 |       1 |   7.1
        D:2 |      49 |       0 |   0.0 |      21 |       0 |   0.0
        D:3 |      64 |       0 |   0.0 |       7 |       0 |   0.0
            +---------+---------+-------+---------+---------+-------
